 Dungeon Crawl Stone Soup version 0.31-a0-188-g5e087ee2ca (webtiles) character file.

Game seed: 3614029831507897789

39 qw the Shooter (level 3, -2/20 HPs)
             Began as a Deep Elf Hunter on June 23, 2023.
             Slain by a goblin
             ... wielding a +0 dagger
             ... led by Robin
              (4 damage)
             ... on level 2 of the Dungeon.
             The game lasted 00:00:24 (1263 turns).

qw the Shooter (Deep Elf Hunter)                    Turns: 1263, Time: 00:00:25

Health: -2/20      AC:  3    Str: 10    XL:     3   Next: 28%
Magic:  5/5        EV: 12    Int: 13    God:
Gold:   103        SH:  0    Dex: 18    Spells: 2/2 levels left

rFire   . . .        Y - +0 shortbow
rCold   . . .        (shield currently unavailable)
rNeg    . . .        c - +0 leather armour
rPois   .            (no helmet)
rElec   .            (no cloak)
rCorr   .            (no gloves)
SInv    .            (no boots)
Will    .....        (no amulet)
Stlth   ++           (no ring)
HPRegen 0.23/turn    (no ring)
MPRegen 0.09/turn

%: no passive effects
@: no status effects
A: no striking features
a: no special abilities


You were on level 2 of the Dungeon.
You visited 1 branch of the dungeon, and saw 2 of its levels.

You collected 103 gold pieces.


   Skills:
 - Level 1.5 Fighting
 + Level 6.9 Ranged Weapons
 - Level 2.4 Dodging
 - Level 1.2 Stealth


You had 2 spell levels left.
You didn't know any spells.
Your spell library was empty.

Inventory:

Hand Weapons
 Y - a +0 shortbow (weapon)
Armour
 c - a +0 leather armour (worn)
Jewellery
 e - a ring of see invisible
Scrolls
 a - a scroll of identify
Potions
 b - a potion of curing {unknown}
 d - a potion of mutation
 f - a potion of haste {unknown}
 g - a potion of cancellation
 l - a potion of attraction {unknown}

Dungeon Overview and Level Annotations

Branches:
Dungeon (2/15)

Altars:

Annotations:
D:2 Robin


Message History

The hobgoblin is moderately wounded.
You hear a shout!
A goblin comes into view. It is wielding a +0 dagger.
You shoot an arrow. The goblin shouts!
The arrow hits the hobgoblin.
You kill the hobgoblin!
Robin throws the goblin at you! The goblin misses you.
The goblin hits you but does no damage.
You shoot an arrow. The arrow hits the goblin.
You kill the goblin!
A goblin comes into view. It is wielding a +0 dagger.
Robin says, "Bow before me, strongest of all the hobgoblins!"
Robin throws the goblin at you!
You shoot an arrow. The arrow barely misses the goblin.
The goblin shouts!
The goblin hits you but does no damage.
You shoot an arrow.
The arrow hits the goblin but does no damage.
The goblin misses you.
You shoot an arrow. The arrow barely misses the goblin.
The goblin hits you with a +0 dagger. x2
You shoot an arrow. The arrow barely misses the goblin.
The goblin hits you but does no damage. The goblin hits you with a +0 dagger.
You shoot an arrow. The arrow closely misses the goblin.
Robin throws the goblin at you! The goblin hits you with a +0 dagger.
The goblin closely misses you.
You shoot an arrow. The arrow barely misses the goblin.
Robin says, "Bow before me, strongest of all the hobgoblins!"
Robin roars a battlecry!
The goblins go into a battle-frenzy!
The goblin hits you but does no damage. The goblin hits you with a +0 dagger.
You shoot an arrow. The arrow hits the goblin.
The goblin is moderately wounded.
The goblin hits you with a +0 dagger. x2; Robin completely misses you.
The goblin hits you but does no damage. The goblin misses you.
You shoot an arrow. The arrow hits the goblin.
You kill the goblin!
Robin closely misses you. The goblin hits you with a +0 dagger.
You die...

#.#####..#####.'..7.8...'.#
#.# ##.## #..#
#%'..)8.7[.'.# #.# #.#.##
#..# #)#777)7777### #..
.###.###..# #)## 7..7 # ##
##.##..#####..##7777 #
##............# # ##
##........###..##.# #
.###.###.###....g....# .
#.#..# #.# ###..@)#### #
#..#.# #.#####.#g)# #
#.##<# #..........# #
#.##.# #######.##.# #.##.#
#.##.# #....# #.##.# #..###
#.##.# #..# #.##.# #..#
#...##..


You could see Robin and a goblin (strong).

Vanquished Creatures
  7 ball pythons
  4 endoplasms
  3 giant cockroaches
  7 goblins
  4 hobgoblins
  4 kobolds
  A quokka (D:1)
  2 frilled lizards (D:1)
  6 rats
38 creatures vanquished.

Notes
Turn   | Place    | Note
-------+----------+-------------------------------------------
     0 | D:1      | qw the Deep Elf Hunter began the quest for the Orb.
     0 | D:1      | Reached XP level 1. HP: 12/12 MP: 3/3
     0 | D:1      | 0 ||| qw: Version: 0.3-a-9-g12657ce
     0 | D:1      | 0 ||| qw: Game counter: 4095
     0 | D:1      | 0 ||| qw: Always use a shield: true
     0 | D:1      | 0 ||| qw: God list: Okawaru
     0 | D:1      | 0 ||| qw: Allow faded altars: false
     0 | D:1      | 0 ||| qw: Do Orc after D:15 true
     0 | D:1      | 0 ||| qw: Do second Lair branch before Depths: true
     0 | D:1      | 0 ||| qw: Lair rune preference: random
     0 | D:1      | 0 ||| qw: Plans: Normal
     0 | D:1      | 0 ||| PLANNING D:1-11
   104 | D:1      | Reached XP level 2. HP: 16/16 MP: 4/4
   111 | D:1      | Reached skill level 6 in Ranged Weapons
   711 | D:1      | 711 ||| DROPPING ring of wizardry.
   712 | D:1      | 712 ||| READING 4 scrolls labelled RERAFE RUXEE.
   713 | D:1      | 713 ||| READING scroll labelled GOEGGO CESEKKY.
   714 | D:1      | 714 ||| READING scroll labelled BASAOFRALODGH.
   715 | D:1      | 715 ||| READING scroll labelled COAFIA CIAKH.
   816 | D:1      | 816 ||| READING scroll labelled NEIQAL ZULOM.
   817 | D:1      | 817 ||| READING 3 scrolls of identify.
   817 | D:1      | 817 ||| IDENTIFYING emerald potion
   818 | D:1      | 818 ||| READING 2 scrolls of identify.
   818 | D:1      | 818 ||| IDENTIFYING murky coppery potion
   819 | D:1      | 819 ||| DROPPING scroll of butterflies.
   916 | D:2      | Reached XP level 3. HP: 20/20 MP: 5/5
   937 | D:2      | Found a faded altar of an unknown god.
  1252 | D:2      | Noticed Robin
  1262 | D:2      | HP: 5/20 [goblin/+0 dagger[Robin] (3)]
  1262 | D:2      | HP: 2/20 [goblin/+0 dagger[Robin] (3)]
  1263 | D:2      | Slain by a goblin

Levels and vault maps discovered:
D:1:      denvon_arrival_planthouse, layout_basic
D:2:      layout_loops_ring, ebering_ecumenical_altar_hall,
          kennysheep_generic_room_3, uniq_robin

Skill      XL: |  1  2 |
---------------+-------+-----
Ranged Weapons | 6 |  6.9
Fighting       | |  1.5
Dodging        | |  2.4
Stealth        | |  1.2

Action                     || total
---------------------------++-------
   Fire: Shortbow          ||    89
    Use: Scroll            ||     7
 Armour: Leather armour    ||     9
  Dodge: Dodged            ||    14

Table legend:
 A = Non-vault XP
 B = Vault XP
 C = Vault XP percentage of total XP
 D = Non-vault monster count
 E = Vault monster count
 F = Vault count percentage of total count
                 A         B        C        D         E       F
            +---------+---------+-------+---------+---------+-------
      Total |      48 |      11 |  18.6 |      31 |       7 |  18.4
            +---------+---------+-------+---------+---------+-------
        D:1 |      37 |       0 |   0.0 |      24 |       0 |   0.0
        D:2 |      11 |      11 |  50.0 |       7 |       7 |  50.0
            +---------+---------+-------+---------+---------+-------
